 Dungeon Crawl Stone Soup version 0.18-a0-1637-g109f206 (webtiles) character file.

650648 MrRokkomies the Wrestler (level 27, -9/278 HPs)
             Began as a Troll Monk on Mar 19, 2016.
             Was the Champion of Pakellas.
             Mangled by an Orb Guardian (33 damage)
             ... on level 5 of the Realm of Zot on Mar 26, 2016.
             The game lasted 09:05:14 (75217 turns).

MrRokkomies the Wrestler (Troll Monk)              Turns: 75217, Time: 09:05:15

Health: -9/278     AC: 24    Str: 32      XL:     27
Magic:  14/45      EV: 14    Int: 14 (15) God:    Pakellas [******]
Gold:   3297       SH: 28    Dex: 20      Spells: 4 memorised, 20 levels left

rFire  + . .     SeeInvis .       - Unarmed
rCold  + . .     Gourm    +     Y - +5 storm dragon armour
rNeg   . . .     Faith    .     S - +1 large shield {reflect}
rPois  +         Spirit   .     n - +2 hat {Int+3}
rElec  +         Dismiss  .     W - +0 cloak of Exclusion {rPois MR+ MP-9 Stlth+}
rCorr  .         Reflect  +     (gloves unavailable)
SustAt .         Harm     .     (boots unavailable)
MR     +++..     Rnd*Tele +     O - +5 amulet of reflection
Stlth  ..........               s - ring of Ekonlic {rF+ MP+9 Int+3 Dex+3}
                                f - ring "Cim Jaz" {rC+ MP+9 Str+5 Int+3 Dex-4}

@: very slightly contaminated, hasted, drained, very quick, extremely resistant
to hostile enchantments, extremely unstealthy
A: unfitting armour, claws 3, blurry vision 1, deformed body, deterioration 2,
fast metabolism 3, gourmand, regeneration 2, shaggy fur 1, teleportitis 1, tough
skin 2, no device heal 1, MP-powered wands
a: Quick Charge, Device Surge, Renounce Religion
0: Orb of Zot
}: 3/15 runes: decaying, slimy, gossamer


You were on level 5 of the Realm of Zot.
You worshipped Pakellas.
Pakellas was exalted by your worship.
You were very full.

You visited 12 branches of the dungeon, and saw 60 of its levels.
You visited the Abyss 1 time.
You also visited: Labyrinth, Sewer, Ice Cave and Volcano.

You collected 7151 gold pieces.
You spent 3854 gold pieces at shops.

Inventory:

Hand Weapons
 b - a +9 blowgun
Missiles
 K - 14 curare-tipped needles
 N - 109 large rocks (quivered)
Armour
 n - a +2 hat of intelligence (worn)
 q - the +4 dragonskin cloak
   (You took it off Tiamat on level 5 of the Depths)
 S - a +1 large shield of reflection (worn)
 W - the +0 cloak of Exclusion (worn) {rPois MR+ MP-9 Stlth+}
   (You found it on level 3 of the Crypt)

   It protects you from poison.
   It affects your resistance to hostile enchantments.
   It affects your magic capacity (-9).
   It makes you more stealthy.
 Y - a +5 storm dragon armour (worn)
Rods
 m - a +6 rod of shadows (11/11)
   (You found it on level 4 of the Depths)
 p - a +10 iron rod (4/18)
   (Pakellas gifted it to you on level 2 of the Vaults)
 w - a +9 lightning rod (4/17)
   (Pakellas gifted it to you in a sewer)
 C - a +9 rod of shadows (17/17)
   (You found it on level 3 of the Crypt)
Jewellery
 f - the ring "Cim Jaz" (left claw) {rC+ MP+9 Str+5 Int+3 Dex-4}
   (You found it on level 6 of the Pits of Slime)

   [ring of protection from cold]

   It affects your strength (+5).
   It affects your intelligence (+3).
   It affects your dexterity (-4).
   It protects you from cold.
   It affects your magic capacity (+9).
 o - an uncursed ring of resist corrosion
 s - the ring of Ekonlic (right claw) {rF+ MP+9 Int+3 Dex+3}
   (You acquired it on level 2 of the Spider Nest)

   [ring of magical power]

   It affects your intelligence (+3).
   It affects your dexterity (+3).
   It protects you from fire.
   It affects your magic capacity (+9).
 M - an uncursed ring of protection from fire
 O - a +5 amulet of reflection (around neck)
 Q - an uncursed ring of see invisible
Wands
 e - a wand of hasting (5/9)
 g - a wand of acid (2/15)
 u - a wand of paralysis (6/24)
 y - a wand of digging (8/24)
 z - a wand of heal wounds (8/9)
 A - a wand of teleportation (5/9)
Scrolls
 d - 18 scrolls of teleportation
 h - 3 scrolls of blinking
 v - 29 scrolls of remove curse
 x - 13 scrolls of identify
 B - 4 scrolls of fog
 G - 5 scrolls of fear
 U - 7 scrolls of magic mapping
Potions
 c - 14 potions of curing
 j - 4 potions of resistance
 l - 87 potions of magic
 E - 2 potions of invisibility
 I - 3 potions of cancellation
 J - 6 potions of flight
 R - 3 potions of agility
 T - 4 potions of might
Miscellaneous
 a - 2 phantom mirrors
 D - a phial of floods (inert)
 H - a fan of gales (inert)
 L - a disc of storms
 V - a legendary deck of changes {drawn: 2}
 X - a sack of spiders {used: 7}
 Z - a lamp of fire
Comestibles
 k - 13 bread rations
 r - 30 fruits
 t - 16 meat rations
 F - 3 beef jerkies


   Skills:
 - Level 17.0(16.2) Fighting
 - Level 16.7(16.0) Armour
 - Level 10.7(10.1) Dodging
 - Level 1.1(0.6) Stealth
 - Level 15.0(14.3) Shields
 * Level 24.3(23.5) Unarmed Combat
 * Level 21.3(20.5) Evocations


You had 20 spell levels left.
You knew the following spells:

 Your Spells              Type           Power        Failure   Level  Hunger
a - Confusing Touch       Hex            #.....       97%         2    ###....
b - Apportation           Tloc           #.........   87%         1    ##.....
c - Blink                 Tloc           N/A          97%         2    ###....
d - Summon Butterflies    Summ           #.......     87%         1    ##.....


Dungeon Overview and Level Annotations

Branches:
Dungeon (15/15)            Temple (0/1) D:6            Lair (8/8) D:8
  Swamp (4/4) Lair:3       Spider (4/4) Lair:3        Slime (6/6) Lair:7
    Orc (2/2) D:11            Elf (3/3) Orc:2        Vaults (4/5) D:13
  Crypt (3/3) Vaults:3       Tomb (0/3) Crypt:3      Depths (5/5) D:15
   Hell (1/1)                 Zot (5/5) Depths:5
    Dis: Hell:1         Geh: Hell:1         Coc: Hell:1         Tar: Hell:1

Altars:
Ashenzari
Dithmenos
Elyvilon
Kikubaaqudgha
Makhleb
Nemelex Xobeh
Pakellas
Sif Muna
Xom
Yredelemnul
Zin
Jiyva

Shops:
D:4 [   D:12 *[   Orc:1 }?*   Orc:2 [=(*[   Elf:1 %   Elf:3 *   Vaults:2 *
Vaults:4 [   Depths:4 [   Depths:5 ((**

Portals:
Hell: Depths:1 Depths:2 Depths:3 Depths:4 Depths:5
Abyss: Depths:1 Depths:4
Pandemonium: Depths:1 Depths:3
Ziggurat: Depths:2
Trove: D:15 (show slimy rune of Zot)

Annotations:
D:15 Kirke


Innate Abilities, Weirdness & Mutations

You are too large for most types of armour.
You have claws for hands.
Your metabolism is lightning-fast.
You like to eat raw meat.
You heal very quickly.
You are covered in fur (AC +1).
You have very tough skin (AC +2).
Scrolls take you a little longer to read.
Armour fits poorly on your strangely shaped body.
Your body often deteriorates upon taking damage.
You are occasionally teleported next to monsters.
Potions and wands are less effective at restoring your health.
You expend magic power (3 MP) to strengthen your wands.


Message History

You block the Orb Guardian's attack.
You hear a distant "Zot"!
The Orb Guardian hits you!!
* * * LOW HITPOINT WARNING * * *
Drink which item? (? for menu, Esc to quit)
Okay, then.
Unknown command.
Evoke which item? (* to show all) (? for menu, Esc to quit)
Okay, then.
Okay, then.
Unknown command.
Unknown command.
You block the Orb Guardian's attack.
Evoke which item? (* to show all) (? for menu, Esc to quit)
You reach into the bag... ...and things crawl out!
The Orb Guardian tears through a web. x4; The yellow draconian evades a web.
The purple draconian is caught in a web!
The Orb Guardian hits you!!
You die...
Pakellas says: Good help is so hard to find these days!

*,,,,,,,,,,,,,,,,,,,,***
**...........,,,,,,,***,
**.........,,,,,,,**,,,
**......*,,,,,,,,,,,,*
▓▓.....##▓▓▓▓▓▓▓*****
▓▓.............?.▓▓▓▓
▓▓....dds.......?....▓#
▓▓....s^X........ff.....
▓....ss@.X.!............
▓....s.XX...d.....*^....
▓▓.....s.s........*f.?..
▓▓........*............
▓▓...............§....
*▓.....................
*▓......................
*.......................
*................,,,,,,,


You could see 2 orbs of fire, a yellow draconian, a green draconian, a purple
draconian (webbed), 4 Orb Guardians, 2 friendly wolf spiders, a friendly jumping
spider, 3 friendly tarantellas and a friendly redback.

Vanquished Creatures
  Dissolution (Slime:2)
  Tiamat (Depths:5)
  2 orbs of fire
  Mara (Depths:4)
  2 juggernauts
  Sojobo (Depths:2)
  Boris (Crypt:1)
  A greater mummy (Crypt:3)
  Margery (Depths:4)
  4 curse toes
  Norris (Vaults:2)
  4 caustic shrikes
  10 golden dragons
  Nikola (Spider:4)
  Geryon (Hell)
  Jory (Depths:5)
  An electric golem (Zot:3)
  Jorgrun (Depths:4)
  6 liches
  10 tentacled monstrosities
  A titan (Depths:4)
  An Orb Guardian (Zot:5)
  A shard shrike skeleton (Crypt:3)
  A deep elf master archer (Elf:3)
  4 deep elf blademasters
  26 acid blobs
  A quicksilver dragon (shapeshifter) (Depths:5)
  5 sphinxes
  8 ancient champions
  11 death cobs
  8 storm dragons
  2 shadow dragons (Zot:2)
  7 draconian monks
  5 tengu reavers
  A thorn hunter (Swamp:2)
  7 revenants
  14 azure jellies
  12 vault wardens
  6 deep elf sorcerers (Elf:3)
  7 draconian knights
  8 fire giants
  12 frost giants
  5 ghost moths
  Maud (Lair:8)
  Donald (Crypt:1)
  6 emperor scorpions
  A balrug (Depths:5)
  2 iron dragons
  5 draconian scorchers
  A curse skull (Crypt:1)
  Aizul (Depths:1)
  4 draconian shifters
  6 deep elf elementalists
  4 draconian zealots
  An orc warlord (Orc:1)
  9 very ugly things
  6 ghouls (Crypt:3)
  A caustic shrike skeleton (Depths:1)
  17 stone giants
  2 draconian callers (Zot:3)
  2 draconian annihilators
  12 vampire knights
  12 green draconians
  14 ironheart preservers
  12 black draconians
  13 red draconians
  14 deep elf annihilators
  3 deep elf demonologists
  8 spark wasps
  12 white draconians
  A lorocyproca (Hell)
  13 yellow draconians
  16 mottled draconians
  15 purple draconians
  8 eidola
  3 mummy priests (Crypt:3)
  9 deep elf death magi
  10 death oozes
  A minotaur (Lab)
  9 yaktaur captains
  11 jiangshi
  23 fire dragons
  A great orb of eyes (shapeshifter) (Depths:4)
  8 ettins
  13 ogre magi
  8 vault guards
  Josephine (Orc:2)
  12 deep elf high priests
  7 entropy weavers
  15 great orbs of eyes
  5 rakshasas
  21 hydras
  10 ice dragons
  The ghost of SirMumm the Destroyer, a journeyman HEWz of Okawaru (IceCv)
  7 spriggan air magi
  2 catoblepae
  2 ghost crabs (Swamp:2)
  7 centaur warriors
  2 death knights
  5 alligators
  11 tengu warriors
  8 deep troll shamans
  8 deep troll earth magi
  20 death yaks
  9 spriggan berserkers
  7 vampire magi
  24 dancing weapons
  6 orc high priests
  31 deep elf knights
  The ghost of onwiheg the Covert, a novice DgEn (IceCv)
  A shock serpent (shapeshifter) (Vaults:1)
  5 sun demons
  A titan zombie (Crypt:3)
  4 soul eaters
  Nergalle (D:10)
  Sonja (Lair:4)
  3 hell hogs
  4 large abominations
  An iron troll (Depths:5)
  A fire crab (shapeshifter) (Depths:4)
  35 hell knights
  105 slime creatures
  A storm dragon skeleton (Depths:1)
  10 skeletal warriors
  3 shadow wraiths
  4 spriggan druids
  5 small abominations
  2 unseen horrors (Vaults:1)
  A golden dragon zombie (Depths:1)
  A ghost moth zombie (Crypt:3)
  An anaconda zombie (Crypt:2)
  A deep troll (shapeshifter) (Depths:4)
  6 hill giants
  6 flayed ghosts
  7 giant orange brains
  A golden dragon skeleton (Crypt:3)
  An obsidian statue (D:13)
  22 necromancers
  13 deep trolls
  A lindwurm (Volcano)
  2 anubis guards (shapeshifter) (Depths:4)
  5 swamp dragons
  A wizard (Vaults:2)
  24 orc knights
  11 deep elf archers
  5 harpies (Vaults:3)
  10 ironbrand convokers
  4 shambling mangroves
  An orange crystal statue (Depths:4)
  A shadow dragon zombie (Depths:1)
  7 phantasmal warriors
  8 orb spiders
  A wolf spider zombie (Crypt:3)
  8 griffons
  8 hornets
  7 orc sorcerers
  An iron dragon zombie (Crypt:3)
  A fire giant zombie (Vaults:2)
  A harpy (shapeshifter) (Depths:4)
  A tengu skeleton (Vaults:3)
  70 deep elf magi
  3 human zombies
  33 ugly things
  28 wolf spiders
  A manticore (shapeshifter) (Depths:4)
  A salamander (shapeshifter) (Depths:4)
  A frost giant skeleton (Depths:1)
  7 cyclopes
  An iron dragon skeleton (Crypt:2)
  A stone giant zombie (Hell)
  2 manticores
  An octopode (shapeshifter) (Depths:3)
  A sixfirhy (Abyss:4)
  A sphinx skeleton (Vaults:2)
  A centaur zombie (D:15)
  17 moths of wrath
  An apocalypse crab (Abyss:4)
  17 elephants
  Psyche (D:8)
  2 fire giant skeletons
  A guardian serpent (shapeshifter) (Vaults:3)
  10 vault sentinels
  5 eyes of devastation
  3 gargoyles
  2 torpor snails
  4 ice statues
  3 centaur skeletons
  2 molten gargoyles (Volcano)
  16 spiny frogs
  6 black mambas
  A torpor snail (shapeshifter) (Depths:2)
  3 orange demons (D:15)
  2 rime drakes
  A komodo dragon (shapeshifter) (Depths:4)
  35 yaktaurs
  14 demonic crawlers
  A pale draconian zombie (Crypt:1)
  A hellwing (Depths:5)
  7 kobold demonologists
  A tormentor (Hell)
  13 freezing wraiths
  A yaktaur (shapeshifter) (Depths:4)
  10 guardian mummies (Crypt:3)
  7 komodo dragons
  A death yak skeleton (Crypt:3)
  17 ice devils
  5 red devils
  A yaktaur skeleton (Depths:1)
  A queen bee (shapeshifter) (Depths:2)
  5 tengu conjurers
  An ancient zyme (Abyss:4)
  An iron troll skeleton (Crypt:3)
  24 jumping spiders
  A jumping spider (shapeshifter) (Depths:4)
  9 trolls
  A wind drake (shapeshifter) (Depths:4)
  An ice dragon zombie (Crypt:2)
  4 giant leeches
  A merfolk (D:11)
  A minotaur skeleton (Crypt:3)
  A sea snake skeleton (Crypt:2)
  13 blink frogs
  9 two-headed ogres
  Prince Ribbit (D:9)
  8 bog bodies
  A snapping turtle (shapeshifter) (Depths:4)
  2 ettin zombies
  3 ushabtiu (Crypt:3)
  4 boulder beetles
  An iron dragon simulacrum (Depths:1)
  Sigmund (D:2)
  3 shadows
  20 spriggans
  2 vampires
  A black mamba zombie (Crypt:3)
  A hill giant zombie (Crypt:1)
  11 wraiths
  28 tarantellas
  A wyvern (D:11)
  2 fire dragon skeletons
  2 spriggans (shapeshifter)
  12 air elementals
  2 water elementals (Elf:2)
  33 yaks
  3 basilisks
  80 redbacks
  A basilisk (shapeshifter) (Vaults:2)
  A hog (shapeshifter) (Depths:4)
  A human (D:11)
  A steam dragon (Lair:6)
  5 hogs
  A human (shapeshifter) (Depths:4)
  22 vampire mosquitoes
  15 hippogriffs
  2 hungry ghosts
  A golden eye (shapeshifter) (Depths:2)
  A green draconian simulacrum (Crypt:2)
  A soldier ant (shapeshifter) (Depths:4)
  25 swamp worms
  13 wargs
  A deep troll zombie (Crypt:2)
  A glowing shapeshifter zombie (Crypt:2)
  A faun skeleton (Crypt:1)
  A merfolk zombie (Crypt:1)
  11 water moccasins
  A gelid demonspawn zombie (Crypt:2)
  10 hell hounds
  5 swamp drakes
  Purgy (Sewer)
  2 monstrous demonspawn skeletons
  11 porcupines
  A black bear (shapeshifter) (Depths:3)
  27 wasps
  11 ice beasts
  A fire dragon simulacrum (Hell)
  49 orc warriors
  A manticore zombie (Crypt:3)
  2 sky beasts
  3 black bears
  A deep troll simulacrum (Depths:1)
  2 phantoms
  A necrophage (D:11)
  3 eyes of draining
  32 ogres
  4 boggarts (Vaults:2)
  2 swamp dragon skeletons (Crypt:2)
  10 wolves (Lair:8)
  9 centaurs
  A manticore skeleton (Crypt:1)
  12 crocodiles
  A komodo dragon zombie (Crypt:3)
  The ghost of Mulkerokala the Stinger, an amateur OpVM (D:3)
  7 big kobolds
  An earth elemental (Elf:2)
  17 giant frogs
  2 human skeletons
  A draconian zombie (Crypt:1)
  A dryad skeleton (Crypt:2)
  2 wyvern zombies
  A gnoll sergeant (D:7)
  A wyvern skeleton (D:13)
  5 scorpions
  A troll zombie (Crypt:2)
  8 killer bees (D:12)
  A yak skeleton (Crypt:3)
  24 wights
  4 electric eels
  4 howler monkeys
  6 crimson imps
  A lava snake (D:11)
  2 human simulacra (Vaults:3)
  A quasit (D:11)
  3 draconian simulacra (IceCv)
  A giant frog zombie (D:9)
  23 jellies
  A gnoll shaman (D:6)
  24 orc priests
  8 hounds
  3 giant frog skeletons
  Jessica (D:3)
  19 orc wizards
  7 iguanas
  5 worker ants
  6 sheep (Lair:4)
  2 spriggan simulacra (IceCv)
  3 troll simulacra (IceCv)
  A sky beast zombie (Crypt:3)
  2 hound skeletons
  A scorpion zombie (Crypt:2)
  2 worker ant zombies
  Robin (D:4)
  7 gnolls
  A naga simulacrum (IceCv)
  16 adders
  An ogre simulacrum (IceCv)
  36 river rats
  6 shadow imps
  2 white imps (Lair:6)
  2 adder zombies
  A halfling zombie (Crypt:2)
  A sheep skeleton (Crypt:1)
  3 worms
  3 giant geckos
  108 orcs
  3 ball pythons
  5 giant cockroaches
  A gnoll zombie (Crypt:3)
  15 goblins
  13 hobgoblins
  6 jackals
  6 quokkas
  7 bats
  2 giant gecko skeletons (D:4)
  11 giant newts
  A jackal zombie (Crypt:1)
  41 kobolds
  A quokka skeleton (D:9)
  11 rats
  A butterfly (D:6)
  3 fungi
2584 creatures vanquished.

Vanquished Creatures (collateral kills)
  the Royal Jelly (Slime:6)
  A juggernaut (Depths:2)
  A tengu reaver (Depths:2)
  A fire giant (Depths:2)
  A ghoul (Crypt:3)
  A vampire knight (Vaults:3)
  A white draconian (Depths:5)
  2 ettins (Depths:2)
  2 death oozes (Slime:6)
  A deep elf death mage (Vaults:3)
  An ice dragon (Depths:5)
  3 hydras (Swamp:4)
  2 tengu warriors (Depths:1)
  A spriggan berserker (Depths:5)
  2 soul eaters
  A spriggan druid (Swamp:4)
  A giant orange brain (Vaults:4)
  3 swamp dragons
  An ironbrand convoker (Vaults:2)
  A wolf spider (Spider:2)
  A hornet (Spider:2)
  2 spiny frogs (Swamp:4)
  2 yaktaurs (Depths:4)
  3 jumping spiders (Spider:4)
  A polar bear (shapeshifter) (Vaults:1)
  4 slime creatures
  7 redbacks
  2 air elementals (Depths:2)
  A spriggan (Depths:2)
  4 tarantellas
  A mottled dragon (Vaults:1)
  A swamp worm (Swamp:4)
  An orc warrior (Vaults:1)
  A wasp (Depths:2)
  3 swamp drakes (Swamp:4)
  A centaur (Vaults:1)
  A kobold (Vaults:2)
64 creatures vanquished.

Vanquished Creatures (others)
  A caustic shrike (Depths:2)
  A golden dragon (Depths:4)
  A deep elf master archer (Elf:3)
  A tengu reaver (Vaults:4)
  A draconian knight (Zot:1)
  A vault warden (Vaults:1)
  2 deep elf elementalists (Elf:3)
  A draconian zealot (Zot:1)
  3 stone giants
  A deep elf annihilator (Elf:3)
  2 hydras (Swamp:4)
  A yaktaur captain (Depths:4)
  2 centaur warriors
  A swamp dragon (Swamp:4)
  2 deep elf knights (Elf:3)
  A hell knight (Depths:2)
  10 deep elf archers
  3 deep elf magi
  A moth of wrath (Zot:2)
  A vault sentinel (Vaults:4)
  8 yaktaurs
  4 redbacks
  A spriggan (Swamp:2)
  2 wasps (Swamp:2)
  5 centaurs (Vaults:1)
  An orc wizard (D:10)
  An orc (Vaults:4)
  A kobold zombie (Hell)
  18 fungi
  4 lost souls
  A plant (Lair:8)
83 creatures vanquished.

Grand Total: 2731 creatures vanquished

Notes
Turn   | Place    | Note
--------------------------------------------------------------
     0 | D:1      | MrRokkomies the Troll Monk began the quest for the Orb.
     0 | D:1      | Reached XP level 1. HP: 22/22 MP: 0/0
   166 | D:1      | Reached XP level 2. HP: 26/29 MP: 1/1
   894 | D:2      | Reached XP level 3. HP: 34/36 MP: 2/2
   943 | D:2      | Found an oddly glowing altar of Pakellas.
   966 | D:2      | Became a worshipper of Pakellas the Inventive
   966 | D:2      | Reached * piety under Pakellas
   966 | D:2      | Reached ** piety under Pakellas
   966 | D:2      | Received a gift from Pakellas
  1232 | D:2      | Noticed Sigmund
  1253 | D:2      | Killed Sigmund
  1253 | D:2      | Reached skill level 5 in Unarmed Combat
  1253 | D:2      | Reached XP level 4. HP: 45/45 MP: 2/4
  1253 | D:2      | Reached XP level 5. HP: 53/53 MP: 2/5
  1507 | D:3      | Gained mutation: Your spells are a little harder to cast, but a little more powerful. [potion of mutation]
  1507 | D:3      | Gained mutation: You are partially covered in icy blue scales (AC +1). [potion of mutation]
  1507 | D:3      | Gained mutation: You tend to lose your temper in combat. [potion of mutation]
  1542 | D:3      | Noticed Mulkerokala's ghost (amateur OpVM)
  1588 | D:3      | Killed Mulkerokala's ghost
  1588 | D:3      | Reached skill level 6 in Unarmed Combat
  1588 | D:3      | Reached XP level 6. HP: 40/61 MP: 3/7
  1713 | D:3      | Noticed Jessica
  1726 | D:3      | Reached *** piety under Pakellas
  1752 | D:3      | Killed Jessica
  1981 | D:3      | Gained mutation: Your magical capacity is low (-10% MP). [potion of mutation]
  1981 | D:3      | Gained mutation: You are agile. (Dex +2) [potion of mutation]
  1981 | D:3      | Gained mutation: You expend magic power (3 MP) to strengthen your wands. [potion of mutation]
  2154 | D:4      | Reached XP level 7. HP: 67/67 MP: 7/7
  2163 | D:4      | Found Sedeomp's Armour Shop.
  2272 | D:4      | Found a glowing drain.
  2312 | Sewer    | Entered a sewer
  2363 | Sewer    | Noticed Purgy
  2374 | Sewer    | Killed Purgy
  2374 | Sewer    | Reached **** piety under Pakellas
  2374 | Sewer    | Received a gift from Pakellas
  2374 | Sewer    | Reached skill level 7 in Unarmed Combat
  2639 | D:4      | Found a basalt altar of Yredelemnul.
  2782 | D:4      | Noticed Robin
  2795 | D:4      | Killed Robin
  2848 | D:4      | Found a deep blue altar of Sif Muna.
  2998 | D:5      | Entered Level 5 of the Dungeon
  3244 | D:5      | Reached XP level 8. HP: 75/75 MP: 9/9
  3250 | D:5      | Reached ***** piety under Pakellas
  3255 | D:5      | Reached skill level 8 in Unarmed Combat
  3526 | D:5      | Found a shattered altar of Ashenzari.
  3750 | D:5      | Reached skill level 5 in Evocations
  4089 | D:6      | Reached skill level 1 in Shields
  4283 | D:6      | Found a staircase to the Ecumenical Temple.
  4629 | D:7      | Reached XP level 9. HP: 81/81 MP: 11/11
  4789 | D:7      | Found a shimmering altar of Xom.
  4879 | D:7      | Found a burning altar of Makhleb.
  5162 | D:8      | Noticed Psyche
  5176 | D:8      | Killed Psyche
  5297 | D:8      | Noticed an angel
  5298 | D:8      | Found a shimmering altar of Xom.
  5300 | D:8      | Found a glowing silver altar of Zin.
  5581 | D:8      | Found a staircase to the Lair.
  5595 | D:8      | Reached skill level 5 in Shields
  6077 | D:8      | Reached XP level 10. HP: 86/91 MP: 13/13
  6129 | Lair:1   | Entered Level 1 of the Lair of Beasts
  6162 | Lair:1   | Noticed a spiny frog
  6163 | Lair:1   | Found a dark tunnel.
  6181 | Lair:1   | Killed a spiny frog
  6212 | Volcano  | Entered a volcano
  6220 | Volcano  | Noticed a gargoyle
  6220 | Volcano  | Noticed a molten gargoyle
  6222 | Volcano  | Killed a molten gargoyle
  6223 | Volcano  | Killed a gargoyle
  6239 | Volcano  | Noticed a lindwurm
  6243 | Volcano  | Killed a lindwurm
  6260 | Volcano  | Noticed a gargoyle
  6260 | Volcano  | Noticed a molten gargoyle
  6262 | Volcano  | Killed a molten gargoyle
  6267 | Volcano  | Killed a gargoyle
  6485 | Lair:1   | Noticed a spiny frog
  6507 | Lair:1   | Killed a spiny frog
  6721 | Lair:1   | Noticed an elephant
  6721 | Lair:1   | Noticed an elephant
  6722 | Lair:1   | Noticed an elephant
  6722 | Lair:1   | Noticed an elephant
  6724 | Lair:1   | Noticed an elephant
  6740 | Lair:1   | Killed an elephant
  6741 | Lair:1   | Killed an elephant
  6744 | Lair:1   | Killed an elephant
  6760 | Lair:1   | Killed an elephant
  6760 | Lair:1   | Reached XP level 11. HP: 97/97 MP: 6/15
  7143 | Lair:2   | Found a labyrinth entrance.
  7155 | Lab      | Entered a labyrinth
  8129 | Lab      | Noticed a minotaur
  8134 | Lab      | Killed a minotaur
  8175 | Lab      | Identified the Catalogue of Freezing Enchantment
  8178 | Lab      | Identified the Volume of Orientation
  8189 | Lab      | Learned a level 2 spell: Confusing Touch
  8191 | Lab      | Learned a level 1 spell: Apportation
  8194 | Lab      | Learned a level 2 spell: Blink
  8298 | Lair:2   | Reached ****** piety under Pakellas
  8591 | Lair:2   | Reached skill level 10 in Evocations
  9048 | Lair:3   | Reached skill level 9 in Unarmed Combat
  9295 | Lair:3   | Found a hole to the Spider Nest.
  9295 | Lair:3   | Noticed an orb spider
  9306 | Lair:3   | Killed an orb spider
  9306 | Lair:3   | Reached skill level 5 in Fighting
  9698 | Lair:3   | Found a staircase to the Swamp.
  9881 | Lair:4   | Reached XP level 12. HP: 98/111 MP: 16/16
  9958 | Lair:4   | Reached skill level 10 in Unarmed Combat
 10035 | Lair:4   | Received a gift from Pakellas
 10202 | Lair:4   | Noticed Sonja
 10229 | Lair:4   | Killed Sonja
 10353 | Lair:4   | Noticed a catoblepas
 10461 | Lair:4   | Killed a catoblepas
 10466 | Lair:4   | Reached skill level 11 in Unarmed Combat
 11150 | Lair:5   | Found a shadowy altar of Dithmenos.
 11529 | Lair:5   | Lost mutation: Your magical capacity is low (-10% MP). [potion of cure mutation]
 11529 | Lair:5   | Lost mutation: You are partially covered in icy blue scales (AC +1). [potion of cure mutation]
 11529 | Lair:5   | Lost mutation: Your spells are a little harder to cast, but a little more powerful. [potion of cure mutation]
 11529 | Lair:5   | Lost mutation: You tend to lose your temper in combat. [potion of cure mutation]
 11529 | Lair:5   | Lost mutation: You expend magic power (3 MP) to strengthen your wands. [potion of cure mutation]
 12196 | Lair:6   | Found a frozen archway.
 12241 | IceCv    | Entered an ice cave
 12262 | IceCv    | Noticed SirMumm's ghost (journeyman HEWz)
 12276 | IceCv    | Killed SirMumm's ghost
 12379 | IceCv    | Reached XP level 13. HP: 127/127 MP: 19/19
 12608 | IceCv    | Noticed onwiheg's ghost (novice DgEn)
 12611 | IceCv    | Killed onwiheg's ghost
 12611 | IceCv    | Reached skill level 12 in Unarmed Combat
 12911 | IceCv    | Upgraded the game from 0.18-a0-1589-g520a787 to 0.18-a0-1593-g7a89b71
 14203 | Lair:7   | Found a staircase to the Slime Pits.
 14203 | Lair:7   | Found a viscous altar of Jiyva.
 14708 | Lair:8   | Entered Level 8 of the Lair of Beasts
 14828 | Lair:8   | Reached skill level 5 in Dodging
 14873 | Lair:8   | Noticed Maud
 14892 | Lair:8   | Killed Maud
 15025 | Lair:7   | Reached skill level 10 in Fighting
 15351 | Lair:8   | Reached XP level 14. HP: 107/143 MP: 20/20
 15436 | Lair:8   | Reached skill level 13 in Unarmed Combat
 16479 | D:9      | Received a gift from Pakellas
 16546 | D:9      | Noticed Prince Ribbit
 16554 | D:9      | Killed Prince Ribbit
 17106 | D:9      | Reached skill level 14 in Unarmed Combat
 17306 | D:10     | Entered Level 10 of the Dungeon
 17499 | D:10     | Noticed Nergalle
 17600 | D:10     | Killed Nergalle
 17709 | D:10     | Found a shimmering altar of Xom.
 18569 | D:11     | Reached skill level 1 in Armour
 18701 | D:11     | Found a white marble altar of Elyvilon.
 18723 | D:11     | Found a staircase to the Orcish Mines.
 19688 | Orc:1    | Entered Level 1 of the Orcish Mines
 20101 | Orc:1    | Reached XP level 15. HP: 100/149 MP: 21/21
 20112 | Orc:1    | Found Lawker's Assorted Antiques.
 20244 | Orc:1    | Bought a glowing brass wand for 152 gold pieces
 20244 | Orc:1    | Bought a copper wand for 152 gold pieces
 20244 | Orc:1    | Bought a scroll of enchant armour for 285 gold pieces
 20244 | Orc:1    | Bought a potion of heal wounds for 190 gold pieces
 20448 | Orc:1    | Found Piwkiceaxt's Gadget Emporium.
 20459 | Orc:1    | Found Plog's Magic Scroll Boutique.
 20468 | Orc:1    | Bought a scroll of acquirement for 624 gold pieces
 21004 | Orc:2    | Entered Level 2 of the Orcish Mines
 21165 | Orc:2    | Found a staircase to the Elven Halls.
 21166 | Orc:2    | Found Bucaad's Jewellery Shoppe.
 21220 | Orc:2    | Found Duilan's Antique Weapon Boutique.
 21265 | Orc:2    | Reached skill level 10 in Dodging
 21469 | Orc:2    | Noticed an orc warlord
 21567 | Orc:1    | Killed an orc warlord
 21567 | Orc:1    | Reached skill level 5 in Armour
 21652 | Orc:2    | Paralysed by an orc sorcerer for 5 turns
 22031 | Orc:2    | Found Pepod's Antique Armour Emporium.
 22041 | Orc:2    | Bought an ancient shield for 180 gold pieces
 22053 | Orc:2    | Identified the +1 shield of Insatiable Hunger {Int+2} (You bought it in a shop on level 2 of the Orcish Mines)
 22222 | Orc:2    | Received a gift from Pakellas
 22342 | Orc:2    | Noticed Josephine
 22351 | Orc:2    | Killed Josephine
 22404 | Orc:2    | Found Aluon's Antique Armour Boutique.
 22706 | Orc:2    | Found Coynk's General Store.
 23456 | D:12     | Found Gaixef's Armour Shoppe.
 23657 | D:12     | Found Ekainat's General Store.
 23773 | D:13     | Found a gate to the Vaults.
 24804 | D:14     | Found a sparkling altar of Nemelex Xobeh.
 24988 | D:14     | Learned a level 1 spell: Summon Butterflies
 25326 | D:15     | Entered Level 15 of the Dungeon
 25329 | D:15     | Found a portal to a secret trove of treasure.
 25400 | D:15     | Reached skill level 15 in Unarmed Combat
 25443 | D:15     | Reached XP level 16. HP: 39/158 MP: 22/22
 25643 | D:15     | Found a staircase to the Depths.
 25693 | D:15     | Upgraded the game from 0.18-a0-1593-g7a89b71 to 0.18-a0-1604-gf68bb23
 26022 | D:15     | Noticed Kirke
 26439 | Swamp:1  | Entered Level 1 of the Swamp
 27798 | Swamp:2  | Noticed a thorn hunter
 27805 | Swamp:2  | Killed a thorn hunter
 28623 | Swamp:3  | Received a gift from Pakellas
 29028 | Swamp:3  | Noticed a tentacled monstrosity
 29042 | Swamp:3  | Killed a tentacled monstrosity
 29149 | Swamp:3  | Reached skill level 10 in Armour
 29543 | Swamp:4  | Entered Level 4 of the Swamp
 29974 | Swamp:4  | Upgraded the game from 0.18-a0-1604-gf68bb23 to 0.18-a0-1611-g00361b8
 30705 | D:4      | Bought a +1 large shield of reflection for 189 gold pieces
 31125 | Swamp:4  | Reached XP level 17. HP: 146/166 MP: 12/24
 31491 | Swamp:4  | Got a decaying rune of Zot
 31778 | Spider:1 | Entered Level 1 of the Spider Nest
 33231 | Spider:2 | Reached skill level 10 in Shields
 33668 | Spider:2 | Got a transparent steel ring
 33669 | Spider:2 | Identified the ring of Ekonlic {rF+ MP+9 Int+3 Dex+3} (You acquired it on level 2 of the Spider Nest)
 34550 | Spider:3 | Received a gift from Pakellas
 34896 | Spider:3 | Upgraded the game from 0.18-a0-1611-g00361b8 to 0.18-a0-1624-g19ad93e
 35597 | Spider:4 | Entered Level 4 of the Spider Nest
 35696 | Spider:4 | Noticed Nikola
 35727 | Spider:4 | Killed Nikola
 35962 | Spider:4 | Paralysed by a hornet for 1 turns
 36755 | Spider:4 | Reached XP level 18. HP: 144/174 MP: 2/26
 37505 | Spider:4 | Got a gossamer rune of Zot
 37918 | Vaults:1 | Entered Level 1 of the Vaults
 38062 | Vaults:1 | Paralysed by a great orb of eyes for 7 turns
 40181 | Vaults:2 | Reached XP level 19. HP: 153/182 MP: 28/28
 40312 | Vaults:2 | Received a gift from Pakellas
 40328 | Vaults:2 | Identified a +10 iron rod (18/18) {god gift} (supercharged by Pakellas)
 40335 | Vaults:2 | Found Xotwy's General Store.
 40405 | Vaults:2 | Noticed Norris
 40416 | Vaults:2 | Killed Norris
 40728 | Vaults:2 | Noticed a Brimstone Fiend
 41240 | Vaults:3 | Paralysed by a vampire knight for 5 turns
 41249 | Vaults:3 | Paralysed by a vampire knight for 4 turns
 41256 | Vaults:3 | Paralysed by a vampire knight for 5 turns
 41275 | Vaults:3 | Reached skill level 15 in Evocations
 41692 | Elf:1    | Entered Level 1 of the Elven Halls
 42371 | Elf:1    | Found Lucvor's Food Shop.
 43498 | Elf:2    | Found a huge runed gate.
 43498 | Elf:2    | Found a huge runed gate.
 43498 | Elf:2    | Found a huge runed gate.
 43498 | Elf:2    | Found a huge runed gate.
 43498 | Elf:2    | Found a huge runed gate.
 44203 | Elf:2    | Reached XP level 20. HP: 191/191 MP: 30/30
 44419 | Elf:2    | Reached skill level 15 in Shields
 44451 | Elf:3    | Entered Level 3 of the Elven Halls
 44495 | Elf:3    | Found Egoc's Assorted Antiques.
 44501 | Elf:3    | Bought a potion of curing for 81 gold pieces
 45523 | Elf:3    | Cast into level 4 of the Abyss (a deep elf sorcerer)
 45692 | Elf:3    | Escaped the Abyss
 46834 | Elf:3    | Identified the Guide on Moulding and the Rocks (You found it on level 3 of the Elven Halls)
 46984 | Elf:3    | Identified Meiwnyed's Grimoire of Igneous Good Luck (You found it on level 3 of the Elven Halls)
 46993 | Elf:3    | Identified the Almanac of Weightlessness and Confrontation
 47003 | Elf:3    | Got a faintly glowing blowgun
 47004 | Elf:3    | Identified the +1 blowgun "Dagac" {evade, +Inv rPois Int-2 Dex-3} (You found it on level 3 of the Elven Halls)
 47169 | Elf:3    | Received a gift from Pakellas
 47586 | Vaults:3 | Found a staircase to the Crypt.
 47742 | Vaults:3 | Reached XP level 21. HP: 180/208 MP: 31/31
 49596 | Vaults:4 | Reached skill level 15 in Fighting
 49605 | Vaults:4 | Reached skill level 15 in Armour
 50064 | Vaults:4 | Found Penilar's Armour Shop.
 50564 | Crypt:1  | Entered Level 1 of the Crypt
 50590 | Crypt:1  | Noticed Boris
 50617 | Crypt:1  | Killed Boris
 50723 | Crypt:1  | Noticed Donald
 50734 | Crypt:1  | Killed Donald
 51460 | Crypt:1  | Reached XP level 22. HP: 208/230 MP: 32/32
 51895 | Crypt:2  | Received a gift from Pakellas
 52595 | Crypt:3  | Entered Level 3 of the Crypt
 52606 | Crypt:3  | Paralysed by a vampire knight for 4 turns
 53228 | Crypt:3  | Noticed a curse toe
 53640 | Crypt:3  | Killed a curse toe
 53871 | Crypt:3  | Noticed a greater mummy
 53882 | Crypt:3  | Killed a greater mummy
 53919 | Crypt:3  | Found a basalt altar of Yredelemnul.
 54183 | Crypt:3  | Found an ancient bone altar of Kikubaaqudgha.
 54227 | Crypt:3  | Got a twisted cloak
 54228 | Crypt:3  | Identified the +0 cloak of Exclusion {rPois MR+ MP-9 Stlth+} (You found it on level 3 of the Crypt)
 54240 | Crypt:3  | Identified a +5 rod of shadows (12/12) (You found it on level 3 of the Crypt)
 54996 | Crypt:3  | Found a staircase to the Tomb.
 55513 | Depths:1 | Entered Level 1 of the Depths
 55764 | Depths:1 | Found a gateway to Hell.
 55780 | Depths:1 | Reached XP level 23. HP: 211/240 MP: 33/33
 55798 | Depths:1 | Noticed Aizul
 55821 | Depths:1 | Killed Aizul
 56702 | Depths:1 | Found a one-way gate leading to the halls of Pandemonium.
 56766 | Depths:1 | Found a one-way gate to the infinite horrors of the Abyss.
 56895 | Depths:2 | Reached skill level 16 in Unarmed Combat
 56927 | Depths:2 | Found a gateway to a ziggurat.
 57003 | Depths:2 | Noticed Sojobo
 57042 | Depths:2 | Killed Sojobo
 57432 | Depths:2 | Received a gift from Pakellas
 58174 | Depths:2 | Noticed a caustic shrike
 58186 | Depths:2 | Noticed a caustic shrike
 58188 | Depths:2 | Killed a caustic shrike
 58188 | Depths:2 | Reached skill level 17 in Unarmed Combat
 58193 | Depths:2 | Killed a caustic shrike
 58552 | Depths:2 | Noticed a caustic shrike
 58555 | Depths:2 | Killed a caustic shrike
 58572 | Depths:2 | Noticed a juggernaut
 58593 | Depths:2 | Killed a juggernaut
 58676 | Depths:2 | Reached XP level 24. HP: 200/253 MP: 34/34
 59386 | Depths:3 | Reached skill level 18 in Unarmed Combat
 59655 | Depths:3 | Found a runed door.
 60143 | Depths:4 | Noticed Mara
 60159 | Depths:4 | Killed Mara
 60162 | Depths:4 | Noticed Margery
 60173 | Depths:4 | Killed Margery
 60311 | Depths:4 | Found Ajysues's Antique Armour Shop.
 61333 | Depths:4 | Reached skill level 19 in Unarmed Combat
 61687 | Depths:4 | Noticed Jorgrun
 61701 | Depths:4 | Killed Jorgrun
 61831 | Depths:5 | Entered Level 5 of the Depths
 61856 | Depths:5 | Found Qishrol's Antique Weapon Shop.
 62043 | Depths:5 | Found Buretsig's Antique Weapon Shoppe.
 62100 | Depths:5 | Noticed a juggernaut
 62117 | Depths:5 | Killed a juggernaut
 62117 | Depths:5 | Received a gift from Pakellas
 62266 | Depths:5 | Noticed Jory
 62281 | Depths:5 | Killed Jory
 62282 | Depths:5 | Reached XP level 25. HP: 118/261 MP: 34/34
 62827 | Depths:5 | Found a gate to the Realm of Zot.
 62914 | Depths:5 | Found Dakamus's Assorted Antiques.
 62914 | Depths:5 | Found Fow Rong's Assorted Antiques.
 62921 | Depths:5 | Bought a scroll of fog for 92 gold pieces
 62921 | Depths:5 | Bought a phantom mirror for 1380 gold pieces
 62921 | Depths:5 | Bought a runed silver wand for 184 gold pieces
 62921 | Depths:5 | Bought a scroll of holy word for 345 gold pieces
 62941 | Depths:5 | Paralysed by a sphinx for 5 turns
 63280 | Depths:4 | Reached skill level 20 in Unarmed Combat
 63322 | Hell     | Entered the Vestibule of Hell
 63322 | Hell     | Noticed Geryon
 63334 | Hell     | Killed Geryon
 63947 | Depths:2 | Noticed a juggernaut
 63977 | Depths:2 | Killed a juggernaut
 64488 | Slime:1  | Entered Level 1 of the Pits of Slime
 64923 | Slime:3  | Noticed Dissolution
 64936 | Slime:2  | Killed Dissolution
 65377 | Slime:5  | Reached skill level 21 in Unarmed Combat
 65479 | Slime:6  | Entered Level 6 of the Pits of Slime
 65559 | Slime:6  | Noticed the Royal Jelly
 65568 | Slime:6  | Identified a +4 rod of shadows (9/9) (You found it on level 4 of the Depths)
 67437 | Slime:6  | Killed the Royal Jelly
 67901 | Slime:5  | Received a gift from Pakellas
 67998 | Slime:6  | Reached XP level 26. HP: 258/269 MP: 26/35
 68105 | Slime:6  | Got a slimy rune of Zot
 68313 | Slime:6  | Got a slimy steel ring
 68314 | Slime:6  | Identified the ring "Cim Jaz" {rC+ MP+9 Str+5 Int+3 Dex-4} (You found it on level 6 of the Pits of Slime)
 68713 | D:8      | Upgraded the game from 0.18-a0-1624-g19ad93e to 0.18-a0-1637-g109f206
 69080 | Zot:1    | Entered Level 1 of the Realm of Zot
 69080 | Zot:1    | Noticed Tiamat
 69107 | Depths:5 | Killed Tiamat
 70216 | Zot:1    | Reached skill level 22 in Unarmed Combat
 71658 | Zot:2    | Noticed an orb of fire
 71681 | Zot:2    | Gained mutation: Scrolls take you a little longer to read. [an orb of fire]
 71691 | Zot:2    | Gained mutation: You are occasionally teleported next to monsters. [an orb of fire]
 71692 | Zot:2    | Killed an orb of fire
 72511 | Zot:3    | Reached skill level 23 in Unarmed Combat
 72589 | Zot:3    | Reached XP level 27. HP: 267/278 MP: 18/36
 74087 | Zot:4    | Reached skill level 24 in Unarmed Combat
 74810 | Zot:5    | Entered Level 5 of the Realm of Zot
 74865 | Zot:5    | Noticed an orb of fire
 74872 | Zot:5    | Gained mutation: Your body sometimes deteriorates upon taking damage. [an orb of fire]
 74873 | Zot:5    | Killed an orb of fire
 74987 | Zot:5    | Noticed an orb of fire
 74987 | Zot:5    | Noticed an orb of fire
 74992 | Zot:5    | Noticed an orb of fire
 74992 | Zot:5    | Gained mutation: Potions and wands are less effective at restoring your health. [an orb of fire]
 74992 | Zot:5    | Gained mutation: Armour fits poorly on your strangely shaped body. [an orb of fire]
 74993 | Zot:5    | Noticed an orb of fire
 74993 | Zot:5    | Gained mutation: Your body often deteriorates upon taking damage. [an orb of fire]
 74994 | Zot:5    | Noticed an orb of fire
 74994 | Zot:5    | Noticed an orb of fire
 74994 | Zot:5    | Noticed an orb of fire
 74994 | Zot:5    | Noticed an orb of fire
 74994 | Zot:5    | Noticed an ancient lich
 74994 | Zot:5    | Noticed an orb of fire
 74994 | Zot:5    | Lost mutation: You are agile. (Dex +2) [an orb of fire]
 74996 | Zot:5    | Noticed an orb of fire
 74998 | Zot:5    | Noticed an ancient lich
 75196 | Zot:5    | Gained mutation: You are weak. (Str -2) [an orb of fire]
 75205 | Zot:5    | Got the Orb of Zot
 75206 | Zot:5    | Noticed an ancient lich
 75207 | Zot:5    | Gained mutation: You expend magic power (3 MP) to strengthen your wands. [an orb of fire]
 75210 | Zot:5    | Lost mutation: You are weak. (Str -2) [an orb of fire]
 75217 | Zot:5    | Mangled by an Orb Guardian

Vault maps used:
D:1:      co_arrival_two_rings
D:2:      lemuel_crystal_altar, first_bread, uniq_sigmund
D:3:      uniq_jessica
D:4:      tgw_sif, kennysheep_mini_moat, portal_sewer_entry_c, serial_shops,
          shop, uniq_robin
D:5:      ashenzari_conservatory_becter
D:6:      minmay_temple_entry_butterflies
D:7:      lemuel_crystal_altar, xom_teletrap_fun
D:8:      grunt_temple_overflow_order_and_chaos_1, erik_lair_orcish_takeover,
          uniq_psyche
D:9:      uniq_prince_ribbit1
D:10:     basic_altar, uniq_nergalle
D:11:     orc_0_dummy, basic_altar, hangedman_stone_soup, kennysheep_island_fort
D:12:     serial_shops, nicolae_shop_waterfront, nicolae_shop_trees
D:13:     minmay_separated_statues
D:14:     serial_park_paths, nemelex_xobeh_ov_fountains_minmay
D:15:     hangedman_depths_entry_civil_slaughter, enter_trove_1,
          serial_park_tiny_1, serial_shops, shop,
          hangedman_abyss_or_decor_slice, minmay_beelzebubs_servants, uniq_kirke
Lair:1:   nicolae_volcano_entry_lava_flow, grunt_megastairs_3
Lair:2:   lab_entry_generic, minivault_11, grunt_forest_large_clearing_hut,
          infiniplex_staircase_pool, serial_bayou_shore_a
Lair:3:   nicolae_swamp_entry_splash_gauntlet,
          nicolae_spider_entry_orb_guardian, grunt_forest_small_clearings,
          infiniplex_staircase_pool_2
Lair:4:   grunt_megastairs_1, uniq_sonja
Lair:5:   basic_altar, st_stairs_9, serial_bayou_pond_e
Lair:6:   portal_ice_cave_entry_ice_beasts, minivault_24,
          bobbens_ice_dragon_lair
Lair:7:   slime_altar_1
Lair:8:   grunt_lair_end_beastmaster, patterned_corridor, grunt_megastairs_4,
          uniq_maud
Swamp:1:  hangedman_swamp_blocks
Swamp:2:  cheibrodos_swamp_heart_of_darkness, serial_swamp_ruin,
          evilmike_swamp_ruin_house_3, evilmike_swamp_ruin_rubble_1
Swamp:3:  nicolae_swamp_rocky_clearing
Swamp:4:  swamp_basic_johnstein
Spider:1: hangedman_spider_tarantella_strand
Spider:2: nicolae_spider_cling_ruins
Spider:4: spider_rune_water, uniq_nikola
Slime:1:  basic_altar
Slime:3:  dissolution_awaits
Orc:1:    serial_shops, nicolae_shop_competitors_out_of_business,
          guppyfry_orc_lava_fort
Orc:2:    grunt_orc_gardens, grunt_orc_garden, grunt_orc_garden,
          grunt_orc_garden, grunt_orc_garden, serial_shops, shop, uniq_josephine
Elf:1:    eino_elf_arrival_the_gate, serial_shops,
          nicolae_shop_scaring_up_business, hangedman_elf_represent
Elf:3:    minmay_elf_hall_hex, serial_shops, nicolae_shop_overgrown_old_shop
Vaults:1: hangedman_vaults_nails, v_misc_24, v_misc_15, v_pattern_3,
          ontoclasm_vaults_chip, nicolae_vaults_diagonal_hallway_7,
          v_alt_pattern_2, v_misc_2, ontoclasm_vaults_twist,
          hangedman_vaults_stream, vaults_room_ringed_pool
Vaults:2: hangedman_vaults_corner_blocks, nicolae_vaults_mini_display_case,
          st_lattice, ontoclasm_vaults_pinch, v_misc_19, serial_shops, shop,
          uniq_norris
Vaults:3: ontoclasm_vaults_eye, nicolae_vaults_circle_grid_b,
          hangedman_vaults_corner_blocks, minmay_crypt_entry_simple_statues,
          hangedman_vaults_capsules, v_rooms_5, v_misc_2, vaults_room_corners,
          v_misc_27, vaults_dpeg_hooks, vaults_dpeg_encased_lava,
          vaults_room_semicircle, vaults_room_pool, ontoclasm_vaults_ligature
Vaults:4: nicolae_vaults_octagons, vaults_mumra_lcd, v_misc_30, v_misc_23,
          v_pattern_4, hangedman_vaults_maws, hangedman_vaults_trim, v_misc_16,
          ontoclasm_vaults_hangar, vaults_mumra_minichess, v_misc_9,
          serial_shops, nicolae_shop_trees
Crypt:1:  lemuel_upstairs_altar, grunt_crypt_arrival_split, uniq_donald,
          uniq_boris
Crypt:2:  minmay_strange_pillars, nicolae_crypt_niches, glass_columns_b
Crypt:3:  lightli_unholy_cathedral, tomb_entry_shell_bobbens
Depths:1: hell_entry, kennysheep_another_room, pan_entry, abyss_entry_crystal,
          minmay_misc_feat_diagonals, minmay_misc_feat_four_crosses,
          serial_bayou_pond_d, kennysheep_generic_room_8, uniq_aizul
Depths:2: grunt_runaround, hell_entry, uniq_sojobo
Depths:3: minmay_expanding_circles, pan_entry, corexii_hall_statues_x,
          hell_entry
Depths:4: vault_1, grunt_hell_horde, hangedman_abyss_entry_splay,
          hangedman_glass_teeth, serial_shops, kennysheep_little_box,
          uniq_margery, uniq_jorgrun, uniq_mara
Depths:5: grunt_zot_entry_alcove, hellmouth_1, serial_shops, shop, shop, shop,
          nicolae_shop_temple_entry_statues_fountains, serial_bayou_shore_b,
          uniq_jory
Zot:1:    uniq_tiamat
Zot:2:    kennysheep_six_static_rooms
Zot:3:    hangedman_zot_decor_tridents, zot_minivault_6
Zot:4:    kennysheep_underground_church
Zot:5:    stair_cage_line
Abyss:4:  evilmike_abyss_exit_chaos, minivault_13,
          grunt_abyss_rune_twisted_forest
Lab:      nicolae_lab_dead_adventurers, labyrinth_skeletal_remains
Sewer:    sewer_co_purgy_island
IceCv:    ice_cave_tombish
Volcano:  volcano_aerie

Skill      XL: |  1  2  3  4  5  6  7  8  9 10 11 12 13 14 15 16 17 18 19 20 21 22 23 24 25 26 27 |
---------------+----------------------------------------------------------------------------------+-----
Fighting       | 3 5 8 10 12 15 17 | 17.0
Unarmed Combat | 5 6 7 8 9 11 12 14 15 17 19 21 23 24 | 24.3
Evocations     | 2 3 4 6 7 9 10 11 13 14 15 16 17 19 20 21 | 21.3
Shields        | 2 5 7 9 11 13 14 15 | 15.0
Dodging        | 6 9 10 | 10.7
Armour         | 3 7 10 12 13 15 16 | 16.7
Stealth        | |  1.1

Action                   |  1- 3 |  4- 6 |  7- 9 | 10-12 | 13-15 | 16-18 | 19-21 | 22-24 | 25-27 || total
-------------------------+-------+-------+-------+-------+-------+-------+-------+-------+-------++-------
Melee: Unarmed           |   120 |    96 |   302 |   560 |  1687 |  2100 |  2035 |  2150 |  2114 || 11164
 Fire: Blowgun           |       |       |    18 |    24 |    59 |    71 |       |     2 |       ||   174
Throw: Tomahawk          |       |       |     4 |       |       |       |       |       |       ||     4
       Stone             |       |       |       |     2 |    12 |       |       |       |       ||    14
       Large rock        |       |       |       |       |     3 |    20 |     4 |     3 |     8 ||    38
Invok: Quick Charge      |       |       |       |       |     1 |     2 |       |     1 |     5 ||     9
       Device Surge      |       |       |       |       |       |     4 |       |       |     1 ||     5
       Supercharge       |       |       |       |       |       |       |     1 |       |       ||     1
 Abil: Evoke Berserk Rag |       |       |       |     1 |       |       |       |       |       ||     1
Evoke: Wand              |     2 |     1 |     1 |    16 |    16 |    41 |     2 |    12 |    27 ||   118
       Rod               |       |       |    15 |    29 |    76 |    57 |    92 |   112 |    49 ||   430
       Disc of storms    |       |       |       |       |     9 |     2 |       |     2 |     4 ||    17
       Stone of tremors  |       |       |       |       |     1 |       |       |       |       ||     1
       Fan of gales      |       |       |       |       |       |     3 |     1 |     1 |     2 ||     7
       Lamp of fire      |       |       |       |       |       |     3 |     2 |     2 |       ||     7
       Phial of floods   |       |       |       |       |       |     2 |       |     2 |     2 ||     6
       Sack of spiders   |       |       |       |       |       |     6 |       |       |     1 ||     7
       Phantom mirror    |       |       |       |       |       |       |       |     2 |     3 ||     5
       Deck              |       |       |       |       |       |       |       |       |     2 ||     2
  Use: Scroll            |     8 |     3 |    10 |    14 |    17 |    13 |    14 |    16 |    18 ||   113
       Potion            |       |     2 |     1 |     6 |    11 |    10 |     6 |     9 |     8 ||    53
 Stab: Sleeping          |     2 |     1 |     1 |    12 |     5 |       |       |       |       ||    21
       Distracted        |       |     2 |     1 |       |       |     2 |       |     4 |     2 ||    11
       Paralysed         |       |       |     3 |     3 |     5 |       |       |       |       ||    11
       Invisible         |       |       |       |       |     8 |       |       |       |       ||     8
       Confused          |       |       |       |       |     1 |       |       |       |       ||     1
  Eat: Chunk             |    13 |     8 |    38 |    62 |   116 |   121 |   113 |    77 |    94 ||   642
       Pizza             |     1 |       |       |       |       |     1 |     6 |     1 |       ||     9
       Royal jelly       |       |       |       |     1 |       |     1 |       |     1 |       ||     3
       Meat ration       |       |       |       |       |     1 |       |       |     2 |     3 ||     6
       Beef jerky        |       |       |       |       |       |     3 |     2 |       |       ||     5
       Bread ration      |       |       |       |       |       |     2 |     1 |     5 |     5 ||    13
       Fruit             |       |       |       |       |       |       |       |     4 |     2 ||     6
